Match 42857984
Unlisted

Match 42857984
End
Construct Section Command Post
Vickers Machine Gun Team
Selects Heavy Armor Battlegroup
Dingo Light Scout Car
Infantry Section
Infantry Section
Infantry Section
Construct Platoon Command Post
Selects Rigorous Vehicle Training
Selects Light Vehicle Withdraw and Refit
CMP 15cwt Truck
Unlock M3 Stuart Light Tanks
Alc.Mit0Lu
BiggerMac
祈鱼
iPlayWithChickens
Devos
Team saupiquet
ZeZwott
起舞
0
0

Comments sign in to comment!

No comments posted yet!